 Dungeon Crawl Stone Soup version 0.27.1-34-g3ba077fa99 (webtiles) character file.

Game seed: 4139015295558011239

77 ticklebelly the Skirmisher (level 4, -8/42 HPs)
             Began as a Minotaur Berserker on Jan 4, 2022.
             Was a Believer of Trog.
             Mangled by Crazy Yiuf (13 damage)
             ... on level 2 of the Dungeon.
             The game lasted 00:03:01 (1779 turns).

ticklebelly the Skirmisher (Minotaur Berserker)     Turns: 1779, Time: 00:03:01

Health: -8/42      AC:  2    Str: 23    XL:     4   Next: 14%
Magic:  3/3        EV: 12    Int:  4    God:    Trog [**....]
Gold:   44         SH:  0    Dex:  9    Spells: 3/3 levels left

rFire    . . .     SeeInvis .   l - +2 mace (holy)
rCold    . . .     Faith    .   (no shield)
rNeg     . . .     Spirit   .   b - +0 animal skin
rPois    .         Reflect  .   (helmet restricted)
rElec    .         Harm     .   (no cloak)
rCorr    .         Rampage  .   (no gloves)
Will     .....                  (no boots)
Stlth    +.........             (no amulet)
HPRegen  0.14/turn              (no ring)
MPRegen  0.08/turn              (no ring)

@: no status effects
A: horns 2, retaliatory headbutt
a: Renounce Religion, Berserk, Trog's Hand


You were on level 2 of the Dungeon.
You worshipped Trog.
Trog was pleased with you.
You visited 1 branch of the dungeon, and saw 2 of its levels.

You collected 44 gold pieces.

Inventory:

Hand Weapons
 a - a +0 hand axe
 l - a +2 mace of holy wrath (weapon)
Armour
 b - a +0 animal skin (worn)
 k - a +0 kite shield
Scrolls
 d - a scroll of identify {unknown}
 e - a scroll of summoning {unknown}
 f - a scroll of amnesia {unknown}
 h - a scroll of fog {unknown}
 j - a scroll of fear {unknown}
Potions
 c - 3 potions of haste {unknown}
 g - 2 potions of resistance {unknown}
 i - a potion of curing {unknown}


   Skills:
 + Level 5.0 Fighting
 + Level 5.0 Axes
 - Level 2.4 Armour
 - Level 2.1 Dodging


You had 3 spell levels left.
You didn't know any spells.
Your spell library was empty.

Dungeon Overview and Level Annotations

Branches:
Dungeon (2/15)

Altars:

Annotations:
D:2 Crazy Yiuf


Innate Abilities, Weirdness & Mutations

You have a pair of horns on your head.
You reflexively headbutt those who attack you in melee.


Message History

Found a stone staircase leading down.
There is a stone staircase leading up here.
There is a stone staircase leading down here.
Found two maces.
Found a glowing mace.
Found two maces.
Found a glowing mace, three maces and a runed mace.
Found two maces.
You see here a +0 mace.
You see here a +1 mace of protection.
You see here a +0 mace.
You see here a +2 mace of holy wrath.
You see here a +0 mace.
You see here a +1 vorpal mace.
You see here a +0 mace.
You see here a +2 mace of holy wrath.
l - a +2 mace of holy wrath You see here a +0 mace.
You see here a +0 mace.
Found a mace.
Found a runed translucent door.
Your +2 mace of holy wrath softly glows with a divine radiance!
l - a +2 mace of holy wrath (weapon)
Crazy Yiuf shouts!
You open the door.
Crazy Yiuf hits you with a +2 quarterstaff of chaos!
You resist with significant effort.
There is an open translucent door, spattered with blood here.
You hit Crazy Yiuf.
Crazy Yiuf is lightly wounded.
Crazy Yiuf hits you with a +2 quarterstaff of chaos!
Crazy Yiuf freezes you.
* * * LOW HITPOINT WARNING * * *
You sock Crazy Yiuf!
Crazy Yiuf is heavily wounded.
Crazy Yiuf cries, "You leg down broken song, no?"
Crazy Yiuf hits you with a +2 quarterstaff of chaos.
* * * LOW HITPOINT WARNING * * *
Crazy Yiuf draws strength from your wounds!
Crazy Yiuf hits you with a +2 quarterstaff of chaos!
You die...

#.# #))))#
#.# ♣))))♣
#.# ♣.).♣♣
#.# ♣♣.♣♣
#######.#
♣.♣♣
#.......#
♣♣.♣
#.#####.#
♣.♣♣ ##.#
#.# ♣♣.♣
#..#####.#
#@#
###.....##.#
#.g.#
........####
#...#
###.....#
#..)# #
#.#####
##### ###.#
#...# ###
#.###
###.#####
#.#
##...#...##


You could see Crazy Yiuf.

Vanquished Creatures
  3 adders (D:2)
  3 worms (D:2)
  An endoplasm (D:2)
  4 giant cockroaches (D:1)
  7 goblins
  5 hobgoblins
  2 jackals (D:1)
  3 quokkas
  3 bats (D:1)
  2 frilled lizards
  2 kobolds
  4 rats
39 creatures vanquished.

Notes
Turn   | Place    | Note
-------+----------+-------------------------------------------
     0 | D:1      | ticklebelly the Minotaur Berserker began the quest for the
                  | Orb.
     0 | D:1      | Reached XP level 1. HP: 19/19 MP: 0/0
    94 | D:1      | You fall into a shaft and drop 1 floor!
    99 | D:2      | Reached XP level 2. HP: 26/27 MP: 1/1
   110 | D:2      | Reached XP level 3. HP: 30/34 MP: 2/2
   239 | D:1      | Found a faded altar of an unknown god.
  1155 | D:2      | Reached ** piety under Trog
  1199 | D:2      | Reached XP level 4. HP: 22/41 MP: 3/3
  1468 | D:2      | Reached skill level 5 in Fighting
  1468 | D:2      | Reached skill level 5 in Axes
  1771 | D:2      | Found a runed translucent door.
  1772 | D:2      | Noticed Crazy Yiuf
  1779 | D:2      | Mangled by Crazy Yiuf

Illustrated notes

Levels and vault maps discovered:
D:1:      minmay_arrival_loop, layout_loops_corners,
          shapermc_ecumenical_altar_mp_highgroup, serial_park_tiny_2,
          nrook_mini_backslash, hangedman_decor_push
D:2:      layout_rooms, uniq_crazy_yiuf_cottage

Skill      XL: |  1  2  3  4 |
---------------+-------------+-----
Fighting       | 4 5 |  5.0
Axes           | 4 5 |  5.0
Armour         | |  2.4
Dodging        | |  2.1

Action                   |  1- 3 |  4- 6 || total
-------------------------+-------+-------++-------
Melee: Hand axe          |    64 |    16 ||    80
       Headbutt          |    14 |     4 ||    18
       Mace              |       |     2 ||     2
Armor: Animal skin       |     9 |       ||     9
Dodge: Dodged            |    47 |     4 ||    51
